 Dungeon Crawl Stone Soup version 0.29.0-4-gdea44cf6ec (webtiles) character file.

Game seed: 4697809640887383762

662 qw the Cleaver (level 7, -1/45 HPs)
             Began as a Tengu Warper on Aug 28, 2022.
             Succumbed to a water moccasin's poison
             ... on level 4 of the Dungeon.
             The game lasted 00:00:32 (4107 turns).

qw the Cleaver (Tengu Warper)                       Turns: 4107, Time: 00:00:33

Health: -1/45      AC: 11    Str: 14    XL:     7   Next: 56%
Magic:  11/11      EV:  8    Int: 13    God:
Gold:   223        SH:  0    Dex: 19    Spells: 10/10 levels left

rFire   . . .      SeeInvis .   Y - +2 hand axe (flame)
rCold   . . .      Faith    .   (no shield)
rNeg    . . .      Spirit   .   j - +0 chain mail
rPois   .          Reflect  .   (helmet restricted)
rElec   .          Harm     .   (no cloak)
rCorr   .          Rampage  .   b - +1 pair of gloves
Will    .....                   (boots unavailable)
Stlth   ..........              (no amulet)
HPRegen 0.15/turn               g - +6 ring of dexterity
MPRegen 0.12/turn               (no ring)

@: lethally poisoned (-1 -> -23), about to teleport, flying quickly and
evasively, quick
A: beak, talons 3, nimble flight, robust 1, MP-powered wands
a: no special abilities


You were on level 4 of the Dungeon.
You visited 1 branch of the dungeon, and saw 4 of its levels.

You collected 223 gold pieces.


Innate Abilities, Weirdness & Mutations

You have a beak for a mouth.
You have claws for feet.
Your magical nature lets you fly swiftly and evasively.
You are robust. (+10% HP)
You expend magic power (3 MP) to strengthen your wands.


   Skills:
 - Level 3.0 Fighting
 + Level 8.0 Axes
 - Level 1.0 Throwing
 - Level 3.2 Armour
 - Level 2.1 Dodging
 - Level 2.0 Spellcasting
 - Level 2.4 Translocations


You had 10 spell levels left.
You didn't know any spells.
Your spell library contained the following spells:

 Spells                   Type           Power      Damage    Failure   Level
 Blink                    Tloc           14%        N/A       98%         2
 Gell's Gravitas          Tloc           7%         N/A       100%        3
 Lesser Beckoning         Tloc           7%         N/A       100%        3
 Teleport Other           Tloc           7%         N/A       100%        3
 Manifold Assault         Tloc           7%         N/A       100%        5

Inventory:

Hand Weapons
 Y - a +2 hand axe of flaming (weapon)
Missiles
 k - 5 boomerangs (quivered)
Armour
 b - a +1 pair of gloves (worn)
 j - a +0 chain mail (worn)
Jewellery
 g - a +6 ring of dexterity (left hand)
Scrolls
 d - a scroll of teleportation
 h - 2 scrolls of silence {unknown}
 l - a scroll of identify
Potions
 a - a potion of mutation
 c - a potion of ambrosia {unknown}
 e - 2 potions of curing
 f - 2 potions of haste {unknown}
 i - a potion of heal wounds {unknown}

Dungeon Overview and Level Annotations

Branches:
Dungeon (4/15)
 Temple: D:4-7

Altars:
Ru
Trog
Wu Jian

Shops:
D:4 *


Message History

Your Armour skill increases to level 3!
You start resting.
HP restored.
There is an open door here.
You reach down and open the door.
An adder and a water moccasin come into view.
The adder hisses angrily.
The water moccasin hisses angrily.
The adder bites you.
You slash the adder! You burn the adder.
You kill the adder!
You hit the water moccasin but do no damage.
Your peck misses the water moccasin.
The water moccasin bites you but does no damage.
You barely miss the water moccasin. The water moccasin bites you!
You are poisoned.
The water moccasin poisons you! The water moccasin closely misses you.
You miss the water moccasin. Your peck misses the water moccasin.
You feel sick. The water moccasin bites you!
You are more poisoned.
The water moccasin poisons you!
You barely miss the water moccasin. You claw the water moccasin!
You peck the water moccasin.
The water moccasin is moderately wounded.
You feel very sick. The water moccasin bites you!
You miss the water moccasin. You peck the water moccasin.
The water moccasin is moderately wounded.
You feel sick. The water moccasin bites you.
You are more poisoned.
The water moccasin poisons you!
4106 ||| READING 2 scrolls of teleportation.
As you read the scroll of teleportation, it crumbles to dust.
You feel strangely unstable.
You feel extremely sick.
The water moccasin bites you but does no damage. x2
You hit the water moccasin. You burn the water moccasin.
You claw the water moccasin.
The water moccasin is heavily wounded.
You die...

#...##...#...........#..
#...+....#######.....#(.
#...##...# #.....#..
#...##...# #.....#..
#...#....# #.....###
#..%#....# #........
#...'....# #........
#...##...# ######...
#...###@## #...
#....##S# #... #....#...
#... #....#.\.# #...
#....#...# +...
#...###+## #... #####
#... ####


You could see a water moccasin.

Vanquished Creatures
  Sigmund (D:3)
  2 necrophages (D:4)
  A scorpion (D:4)
  A hound (D:4)
  A jelly (D:4)
  An iguana (D:4)
  4 gnolls (D:4)
  10 adders
  7 worms
  2 dart slugs
  An orc (D:3)
  11 bats
  8 endoplasms
  2 giant cockroaches
  7 goblins
  3 hobgoblins
  5 jackals
  5 kobolds
  2 quokkas (D:3)
  7 ball pythons
  2 frilled lizards
  8 rats
91 creatures vanquished.

Notes
Turn   | Place    | Note
-------+----------+-------------------------------------------
     0 | D:1      | qw the Tengu Warper began the quest for the Orb.
     0 | D:1      | Reached XP level 1. HP: 12/12 MP: 4/4
     0 | D:1      | 0 ||| qw: Version: 0.1-a-89-g26bdef1
     0 | D:1      | 0 ||| qw: Game counter: 2691
     0 | D:1      | 0 ||| qw: Always use a shield: true
     0 | D:1      | 0 ||| qw: God list: Okawaru
     0 | D:1      | 0 ||| qw: Allow faded altars: false
     0 | D:1      | 0 ||| qw: Do Orc after D:15 true
     0 | D:1      | 0 ||| qw: Do second Lair branch before Depths: true
     0 | D:1      | 0 ||| qw: Lair rune preference: random
     0 | D:1      | 0 ||| qw: Plans: Normal
     0 | D:1      | 0 ||| PLANNING D:1-11
   169 | D:1      | 169 ||| Stepping ~*~*~tactically~*~*~ (hiding).
   309 | D:1      | Reached XP level 2. HP: 17/17 MP: 6/6
   354 | D:1      | Reached skill level 3 in Axes
   436 | D:1      | 436 ||| Stepping ~*~*~tactically~*~*~ (stealth).
   437 | D:1      | 437 ||| Stepping ~*~*~tactically~*~*~ (stealth).
   438 | D:1      | 438 ||| Stepping ~*~*~tactically~*~*~ (stealth).
   465 | D:1      | 465 ||| Stepping ~*~*~tactically~*~*~ (stealth).
   470 | D:1      | 470 ||| Stepping ~*~*~tactically~*~*~ (stealth).
   471 | D:1      | 471 ||| Stepping ~*~*~tactically~*~*~ (stealth).
   476 | D:1      | 476 ||| Stepping ~*~*~tactically~*~*~ (stealth).
   743 | D:1      | Reached XP level 3. HP: 21/21 MP: 7/7
   888 | D:1      | 888 ||| UPGRADING to +0 chain mail.
   898 | D:1      | 898 ||| DROPPING +0 leather armour.
   899 | D:1      | 899 ||| UPGRADING to +6 ring of dexterity.
   900 | D:1      | 900 ||| READING scroll labelled MADUSSI JOIZEO.
   901 | D:1      | 901 ||| READING 2 scrolls labelled KYFAP HUGUU.
   902 | D:1      | 902 ||| DROPPING scroll of blinking.
   903 | D:1      | 903 ||| DROPPING scroll of immolation.
   942 | D:2      | 942 ||| STAIRDANCE
   946 | D:1      | Reached skill level 4 in Axes
   948 | D:2      | 948 ||| STAIRDANCE
  1049 | D:2      | Identified the +4 helmet of Feicwonk {rF++ rC+ Int+2}
  1066 | D:2      | 1066 ||| FLEEEEING.
  1067 | D:2      | 1067 ||| FLEEEEING.
  1068 | D:2      | 1068 ||| FLEEEEING.
  1069 | D:2      | 1069 ||| FLEEEEING.
  1071 | D:2      | 1071 ||| STAIRDANCE
  1110 | D:2      | 1110 ||| STAIRDANCE
  1314 | D:2      | 1314 ||| Stepping ~*~*~tactically~*~*~ (stealth).
  1346 | D:2      | 1346 ||| Stepping ~*~*~tactically~*~*~ (stealth).
  1347 | D:2      | 1347 ||| Stepping ~*~*~tactically~*~*~ (stealth).
  1348 | D:2      | 1348 ||| Stepping ~*~*~tactically~*~*~ (stealth).
  1360 | D:2      | Reached XP level 4. HP: 25/26 MP: 8/8
  1813 | D:2      | Found a faded altar of an unknown god.
  1826 | D:2      | 1826 ||| Stepping ~*~*~tactically~*~*~ (stealth).
  1941 | D:2      | 1941 ||| UPGRADING to +1 pair of gloves.
  1946 | D:2      | 1946 ||| READING 4 scrolls labelled GAVVATZ UGOBB.
  1947 | D:2      | 1947 ||| READING scroll labelled ASMARI GOSORR.
  1948 | D:2      | 1948 ||| DROPPING +0 club.
  1949 | D:2      | 1949 ||| READING scroll labelled PEUME US APIO.
  1950 | D:2      | 1950 ||| READING scroll labelled GIRURHU MUSEEB.
  1951 | D:2      | 1951 ||| DRINKING 4 amethyst potions.
  1952 | D:2      | 1952 ||| DROPPING 3 scrolls of fog.
  1989 | D:3      | 1989 ||| Stepping randomly (stuck).
  1989 | D:3      | Found a sacrificial altar of Ru.
  1989 | D:3      | Found a bloodstained altar of Trog.
  1990 | D:3      | 1990 ||| Stepping randomly (stuck).
  1991 | D:3      | 1991 ||| Stepping randomly (stuck).
  2002 | D:3      | Reached skill level 5 in Axes
  2007 | D:3      | 2007 ||| Stepping randomly (stuck).
  2008 | D:3      | 2008 ||| Stepping randomly (stuck).
  2009 | D:3      | 2009 ||| Stepping randomly (stuck).
  2010 | D:3      | 2010 ||| Stepping randomly (stuck).
  2011 | D:3      | 2011 ||| Stepping randomly (stuck).
  2012 | D:3      | 2012 ||| Stepping randomly (stuck).
  2013 | D:3      | 2013 ||| Stepping randomly (stuck).
  2014 | D:3      | 2014 ||| Stepping randomly (stuck).
  2144 | D:3      | 2144 ||| Stepping randomly (stuck).
  2145 | D:3      | 2145 ||| Stepping randomly (stuck).
  2146 | D:3      | 2146 ||| Stepping randomly (stuck).
  2147 | D:3      | 2147 ||| Stepping randomly (stuck).
  2331 | D:3      | Gained mutation: Your magical nature lets you fly swiftly
                  | and evasively. [Tengu growth]
  2331 | D:3      | Reached XP level 5. HP: 30/30 MP: 9/9
  2504 | D:3      | Identified the +1 leather armour "Vefamuits" {Str+4}
  2541 | D:3      | Noticed Sigmund
  2557 | D:3      | 2557 ||| DRINKING 3 potions of curing.
  2557 | D:3      | 2557 ||| (to cure confusion)
  2559 | D:3      | Killed Sigmund
  2560 | D:3      | Reached skill level 6 in Axes
  2560 | D:3      | Reached XP level 6. HP: 25/35 MP: 10/10
  2716 | D:3      | Reached skill level 7 in Axes
  2729 | D:3      | Found an ornate altar of the Wu Jian Council.
  2779 | D:3      | 2779 ||| Stepping ~*~*~tactically~*~*~ (hiding).
  3138 | D:3      | 3138 ||| READING 3 scrolls labelled VUSAZOT DUUSK.
  3141 | D:3      | 3141 ||| READING 2 scrolls labelled GYS YCATOL.
  3142 | D:3      | 3142 ||| READING scroll of enchant weapon.
  3142 | D:3      | 3142 ||| ENCHANTING +1 hand axe of flaming.
  3143 | D:3      | 3143 ||| READING scroll labelled IRUSMI METUU.
  3144 | D:3      | 3144 ||| READING scroll labelled CUNKIS GIDIA.
  3284 | D:3      | 3284 ||| READING 3 scrolls labelled NUUNYMI KOHIRI.
  3285 | D:3      | 3285 ||| DRINKING 2 viscous red potions.
  3285 | D:3      | Gained mutation: You expend magic power (3 MP) to
                  | strengthen your wands. [potion of mutation]
  3285 | D:3      | Gained mutation: You are robust. (+10% HP) [potion of
                  | mutation]
  3309 | D:3      | 3309 ||| DRINKING 2 brown potions.
  3310 | D:3      | 3310 ||| DROPPING potion of brilliance.
  3311 | D:3      | 3311 ||| DROPPING 2 scrolls of poison.
  3371 | D:4      | 3371 ||| Stepping ~*~*~tactically~*~*~ (stealth).
  3379 | D:4      | 3379 ||| Stepping ~*~*~tactically~*~*~ (stealth).
  3649 | D:4      | Reached skill level 3 in Fighting
  3925 | D:4      | Reached XP level 7. HP: 38/45 MP: 11/11
  3997 | D:4      | Reached skill level 8 in Axes
  4089 | D:4      | Reached skill level 3 in Armour
  4099 | D:4      | Found Wyczocvu's Serpentskin Sales.
  4105 | D:4      | HP: 10/45 [water moccasin (4)]
  4106 | D:4      | 4106 ||| READING 2 scrolls of teleportation.
  4106 | D:4      | HP: 3/45 [poisoned by a water moccasin]
  4107 | D:4      | Succumbed to a water moccasin's poison

Levels and vault maps discovered:
D:1:      sevenhm_arrival_forest_fort_small_6, layout_basic
D:2:      layout_rooms, nicolae_ecumenical_pavilion
D:3:      layout_loops_ring, nzn_wu_jian_council_hall,
          mainiacjoe_overflow_large_starburst,
          minmay_fractal_squares_diagonal_5, uniq_sigmund
D:4:      layout_gridville, guppyfry_shop_venom

Skill      XL: |  1  2  3  4  5  6  7 |
---------------+----------------------+-----
Axes           | 3 4 5 6 7 8 |  8.0
Armour         | 2 3 |  3.2
Fighting       | 3 |  3.0
Throwing       | |  1.0
Dodging        | |  2.1
Spellcasting   | |  2.0
Translocations | |  2.4

Action                   |  1- 3 |  4- 6 |  7- 9 || total
-------------------------+-------+-------+-------++-------
Melee: Hand axe          |    65 |   149 |    27 ||   241
       Kick              |    21 |    42 |     5 ||    68
       Peck              |     7 |    28 |     9 ||    44
       Punch             |     1 |       |     1 ||     2
Throw: Boomerang         |     7 |       |     7 ||    14
  Use: Scroll            |     2 |    10 |     1 ||    13
       Potion            |       |     4 |       ||     4
Armor: Leather armour    |    12 |       |       ||    12
       Chain mail        |    26 |    63 |    17 ||   106
Dodge: Dodged            |    26 |    37 |     6 ||    69

Table legend:
 A = Non-vault XP
 B = Vault XP
 C = Vault XP percentage of total XP
 D = Non-vault monster count
 E = Vault monster count
 F = Vault count percentage of total count
                 A         B        C        D         E       F
            +---------+---------+-------+---------+---------+-------
      Total |     666 |     281 |  29.7 |      80 |      11 |  12.1
            +---------+---------+-------+---------+---------+-------
        D:1 |      65 |       0 |   0.0 |      23 |       0 |   0.0
        D:2 |      46 |       0 |   0.0 |      19 |       0 |   0.0
        D:3 |      68 |     267 |  79.7 |      19 |      10 |  34.5
        D:4 |     487 |      14 |   2.8 |      19 |       1 |   5.0
            +---------+---------+-------+---------+---------+-------
